 Dungeon Crawl Stone Soup version 0.25.1-2-g60ff931df9 (webtiles) character file.

Game seed: 10457101223291423135

145 ArchParadox the Magician (level 5, -3/28 HPs)
             Began as a Deep Elf Conjurer on Oct 18, 2020.
             Slain by a water moccasin skeleton (5 damage)
             ... on level 3 of the Dungeon.
             The game lasted 00:10:32 (3505 turns).

ArchParadox the Magician (Deep Elf Conjurer)        Turns: 3505, Time: 00:10:32

Health: -3/28      AC:  2    Str:  6    XL:     5   Next: 6%
Magic:  5/15       EV: 13    Int: 20    God:
Gold:   154        SH:  0    Dex: 15    Spells: 12/15 levels left

rFire    . . .     SeeInvis .   b - +1 short sword (speed)
rCold    . . .     Gourm    .   (no shield)
rNeg     . . .     Faith    .   a - +0 robe
rPois    .         Spirit   .   (no helmet)
rElec    .         Reflect  .   (no cloak)
rCorr    .         Harm     .   (no gloves)
MR       .....                  (no boots)
Stlth    ++........             (no amulet)
HPRegen  0.09/turn              (no ring)
MPRegen  0.14/turn              (no ring)

@: no status effects
A: no striking features
a: no special abilities


You were on level 3 of the Dungeon.
You were not hungry.

You visited 1 branch of the dungeon, and saw 3 of its levels.

You collected 154 gold pieces.

Inventory:

Hand Weapons
 b - a +1 short sword of speed (weapon)
 e - a +0 short sword
Missiles
 l - 71 arrows
 m - 17 stones (quivered)
 o - 11 bolts
Armour
 a - a +0 robe (worn)
 f - a +0 tower shield
 p - a +2 chain mail of cold resistance
Jewellery
 k - an uncursed ring of wizardry {unknown}
Scrolls
 q - a scroll of magic mapping
Potions
 d - a potion of cancellation {unknown}
 g - 2 potions of lignification {unknown}
 h - 2 potions of curing {unknown}
 j - a potion of brilliance {unknown}
 n - a potion of flight {unknown}
Comestibles
 c - 5 rations


   Skills:
 - Level 0.7 Fighting
 - Level 2.4 Dodging
 - Level 2.4 Stealth
 + Level 1.3 Shields
 * Level 5.5 Spellcasting
 + Level 5.1 Conjurations


You had 12 spell levels left.
You knew the following spells:

 Your Spells              Type           Power        Failure   Level  Hunger
a - Magic Dart            Conj           ####         1%          1    None
b - Searing Ray           Conj           ####..       1%          2    None

Your spell library contained the following spells:

 Spells                   Type           Power        Failure   Level  Hunger
 Dazzling Flash           Conj/Hex       ###...       12%         3    ##.....
 Fulminant Prism          Conj/Hex       ###.......   36%         4    ####...
 Iskenderun's Mystic Bla  Conj/Tloc      ###.....     36%         4    ####...


Dungeon Overview and Level Annotations

Branches:
Dungeon (3/15)

Altars:
Ashenzari
Cheibriados
Fedhas
Ru
Sif Muna

Annotations:
D:2 Robin


Message History

The worker ant zombie is heavily damaged. (Press . to maintain the ray.)
The water moccasin skeleton bites you.
The searing ray hits the water moccasin skeleton.
The water moccasin skeleton is heavily damaged.
The searing ray hits the worker ant zombie!
The worker ant zombie is severely damaged.
The water moccasin skeleton bites you!
The searing ray hits the water moccasin skeleton!
The water moccasin skeleton is severely damaged.
The searing ray hits the worker ant zombie!
You destroy the worker ant zombie!
You have reached level 5!
The water moccasin skeleton bites you.
The searing ray hits the water moccasin skeleton!
The water moccasin skeleton is almost destroyed.
You finish channeling your searing ray.
The water moccasin skeleton bites you!
* * * LOW HITPOINT WARNING * * *
The water moccasin skeleton bites you.
You die...

#≈≈≈≈≈≈≈# ##..# ##..). .
#≈≈...≈≈#####.)######..## #.
#≈≈._...'..##..).[..#).## ...
#≈≈...≈≈##.###.####...... ....
#≈≈≈≈≈≈≈##.............##
....†##≈≈≈≈≈###.###.######....
......####### #.......# ##.##
........#######.###.#.### #.#
#####.##....Z@...##>....###.#
# #..#######.####..##.#.#
...... #...##>##.)..##
..<.....# ###.###.##.#...
.........# #.# #.####.##
.........# #.# #.# #.##
.........# ##.###.# #..#
.........# #......# #.>.
#.############


You could see a water moccasin skeleton.

Vanquished Creatures
  A worker ant zombie (D:3)
  4 adders
  An ooze (D:2)
  2 worms (D:2)
  5 dart slugs
  2 leopard geckos (D:1)
  6 orcs (D:3)
  4 bats
  A giant cockroach (D:3)
  14 goblins
  10 hobgoblins
  3 jackals (D:2)
  3 ball pythons
  3 frilled lizards (D:3)
  3 kobolds
  A leopard gecko zombie (D:3)
  7 rats
70 creatures vanquished.

Notes
Turn   | Place    | Note
-------+----------+-------------------------------------------
     0 | D:1      | ArchParadox the Deep Elf Conjurer began the quest for the
                  | Orb.
     0 | D:1      | Reached XP level 1. HP: 10/10 MP: 6/6
   239 | D:1      | Reached XP level 2. HP: 8/16 MP: 0/8
  1402 | D:2      | Found a faded altar of an unknown god.
  1419 | D:2      | Reached XP level 3. HP: 18/20 MP: 3/10
  1539 | D:2      | Learned a level 2 spell: Searing Ray
  1794 | D:2      | Identified the +2 helmet of Lid Wonu {Str+3}
  1794 | D:2      | Noticed Robin
  2348 | D:2      | Reached XP level 4. HP: 24/24 MP: 3/12
  2624 | D:2      | Reached skill level 1 in Shields
  2677 | D:2      | Reached skill level 5 in Conjurations
  2738 | D:2      | Found a snail-covered altar of Cheibriados.
  2749 | D:2      | Found a sacrificial altar of Ru.
  2849 | D:2      | Reached skill level 5 in Spellcasting
  2913 | D:3      | Found a shattered altar of Ashenzari.
  3331 | D:3      | Found a blossoming altar of Fedhas.
  3463 | D:3      | Found a shimmering blue altar of Sif Muna.
  3503 | D:3      | Reached XP level 5. HP: 12/28 MP: 6/15
  3505 | D:3      | Slain by a water moccasin skeleton

Illustrated notes

Levels and vault maps discovered:
D:1:      wander_arrival_desolate, layout_basic, serial_rivers,
          chequers_serial_rivers_small_b, chequers_serial_rivers_micro_d,
          chequers_serial_rivers_micro_d, chequers_serial_rivers_marsh,
          chequers_serial_rivers_large_a
D:2:      layout_basic, lemuel_crystal_altar, serial_glass, glass_columns_b,
          glass_columns_a, glass_columns_a, glass_columns_b, glass_columns_a,
          glass_columns_a, glass_columns_c, glass_columns_a, first_ration,
          chequers_ecumenical_altar_island, grunt_ministairs_3,
          kennysheep_slug_shrine, uniq_robin, uniq_natasha
D:3:      layout_rooms, evilmike_ruin_ashenzari, led_sif_pool,
          marbit_many_paths, serial_undead, serial_undead_b, serial_undead_c,
          serial_undead_a, serial_undead_f, nrook_loot_triangle,
          minmay_fractal_squares_5, uniq_terence

Skill      XL: |  1  2  3  4 |
---------------+-------------+-----
Spellcasting   | 4 5 |  5.5
Shields        | 1 |  1.3
Conjurations   | 5 |  5.1
Fighting       | |  0.7
Dodging        | |  2.4
Stealth        | |  2.4

Action                   |  1- 3 |  4- 6 || total
-------------------------+-------+-------++-------
Melee: Short sword       |     6 |       ||     6
 Cast: Magic Dart        |    89 |    70 ||   159
       Searing Ray       |       |     3 ||     3
  Use: Scroll            |     4 |     2 ||     6
  Eat: Chunk             |     3 |     1 ||     4
       Ration            |       |     1 ||     1
Armor: Robe              |     2 |       ||     2
Dodge: Dodged            |    13 |     2 ||    15
